 Dungeon Crawl Stone Soup version 0.30-a0-476-g330ca2eb8e (webtiles) character file.

Game seed: 6037481102186157798

13 Sweetruy1997 the Magician (level 2, -1/21 HPs)
             Began as a Djinni Ice Elementalist on Dec 22, 2022.
             Slain by a gnoll
             ... wielding a +0 flail
              (11 damage)
             ... on level 1 of the Dungeon.
             The game lasted 00:01:24 (104 turns).

Sweetruy1997 the Magician (Djinni Ice Elementalist)  Turns: 104, Time: 00:01:25

Health: -1/21      AC:  2    Str:  7    XL:     2   Next: 50%
Gold:   5          EV: 12    Int: 16    God:
                   SH:  0    Dex: 13

rFire   + + .      SeeInvis .    b - +0 club
rCold   x . .      Faith    .    (no shield)
rNeg    + . .      Spirit   .    a - +0 robe
rPois   ∞          Reflect  .    (no helmet)
rElec   .          Harm     .    (no cloak)
rCorr   .          Rampage  .    (no gloves)
Will    .....                    (boots unavailable)
Stlth   ++........               (no amulet)
HPRegen 0.23/turn                c - ring of positive energy
MPRegen 0.00/turn                (no ring)

@: flying
A: sickness immunity, fire resistance 2, cold vulnerability 1, float, innate
caster, HP casting, extra vitality 1
a: no special abilities


You were on level 1 of the Dungeon.
You visited 1 branch of the dungeon, and saw 1 of its levels.

You collected 5 gold pieces.

Inventory:

Hand Weapons
 b - a +0 club (weapon)
Armour
 a - a +0 robe (worn)
Jewellery
 c - a ring of positive energy (left hand)


   Skills:
 + Level 2.5 Dodging
 + Level 1.6 Stealth
 + Level 3.5 Spellcasting


You couldn't memorise any spells.
You knew the following spells:

 Your Spells              Type           Power      Damage    Failure   Level
a - Freeze                Ice            56%        1d7       4%          1
b - Frozen Ramparts       Ice            28%        1d5       12%         3
c - Ozocubu's Armour      Ice            14%        N/A       12%         3
d - Summon Ice Beast      Ice/Summ       14%        N/A       38%         4
Your spell library was empty.

Dungeon Overview and Level Annotations

Branches:
Dungeon (1/15)

Altars:

Shops:
D:1 :


Innate Abilities, Weirdness & Mutations

You are immune to sickness and miasma.
You are immune to poison.
Your flesh is very heat resistant. (rF++)
You are vulnerable to cold. (rC-)
You float through the air rather than walking.
You learn spells naturally, not from books.
Your magical power is your life essence.
You have superior vitality. (+4 MHP)


Message History

You are very lightly contaminated with residual magic.
Nothing appears to happen.
A ball python comes into view.
The rat bites you but does no damage.
You freeze the rat.
You kill the rat!
The ball python hisses angrily.
An endoplasm comes into view.
The endoplasm quivers.
You hit the ball python.
You kill the ball python!
A frilled lizard comes into view.
You hit the bat.
The bat is severely wounded.
The bat closely misses you.
Your magical contamination has completely faded away.
You freeze the bat.
You kill the bat!
A hobgoblin comes into view.
The hobgoblin shouts!
The endoplasm hits you.
You freeze the endoplasm!
You kill the endoplasm!
A gnoll comes into view. It is wielding a +0 flail.
Found a scroll labelled XUAMILAENI and a sedimented purple potion.
You freeze the hobgoblin!
You kill the hobgoblin!
The gnoll shouts!
An endoplasm comes into view.
Found a robe.
The gnoll hits you with a +0 flail.
You freeze the gnoll.
The gnoll is lightly wounded.
A bat comes into view.
The gnoll closely misses you.
The bat moves out of view.
You are too injured to fight recklessly!
You are too injured to fight recklessly!
You are too injured to fight recklessly!
The gnoll attacks as you move away! The gnoll hits you with a +0 flail!
Ouch! That really hurt!
You die...

..## #.......## ####
...!. .....b.... ....
..#.##.......# ##### [
......#....!#######....
..##.#...................
..............####...[...
......J...#.#............
.......g@†...........†..†
................##.>.....
.........................
................[#.......
................##.......
................##.######
..?..##.....†....?.#
..#+#...>.......#....
#...........#.###


You could see a gnoll, an endoplasm and a bat (wandering).

Vanquished Creatures
  2 bats (D:1)
  2 endoplasms (D:1)
  A giant cockroach (D:1)
  A goblin (D:1)
  A hobgoblin (D:1)
  A ball python (D:1)
  3 frilled lizards (D:1)
  2 rats (D:1)
13 creatures vanquished.

Notes
Turn   | Place    | Note
-------+----------+-------------------------------------------
     0 | D:1      | Sweetruy1997 the Djinni Ice Elementalist began the quest
                  | for the Orb.
     0 | D:1      | Sweetruy1997 set off with the following spells memorised:
                  | Freeze, Frozen Ramparts, Ozocubu's Armour, Summon Ice
                  | Beast.
     0 | D:1      | Reached XP level 1. HP: 15/15 MP: 0/0
    12 | D:1      | Found Joffeota's Book Emporium.
    66 | D:1      | Reached XP level 2. HP: 18/21 MP: 0/0
   104 | D:1      | Slain by a gnoll

Illustrated notes

Levels and vault maps discovered:
D:1:      dpeg_arrival_rhombus, layout_rooms, serial_shops,
          nicolae_shop_bloodbath_and_beyond, nicolae_shop_hallway_stairs, shop,
          shop, dilly_ecumenical_altar_fadedgnrine

Action                   || total
-------------------------++-------
Melee: Club              ||     3
 Cast: Freeze            ||    14
Armor: Robe              ||     4
Dodge: Dodged            ||    11

Table legend: (Time is in decaauts)
 A = Elapsed time spent in this place.
 B = Non-inter-level travel time spent in this place.
 C = Inter-level travel time spent in this place.
 D = Time resting spent in this place.
 E = Time spent auto-exploring this place.
 F = Levels seen in this place.
 G = Mean time per level.
                   A        B        C        D        E       F      G
               +--------+--------+--------+--------+--------+-----+--------+
         Total |    103 |    103 |      0 |      0 |     12 |   1 |  103.0 |
       Dungeon |    103 |    103 |      0 |      0 |     12 |   1 |  103.0 |
               +--------+--------+--------+--------+--------+-----+--------+

Top non-repeatable levels by time:
     D:1: 103 daAuts
